AoeStats
← Dougladhnn

Socotra

504297078Analyzed
4v4 RM · 29d ago on Sep 4, 2026· 62m 16s· 8 players
Game mode
Random Map
Map size
148×148
Population
200
Speed
Normal
Resources
Standard
Victory
Conquest
Starting age
Dark Age
Ending age
Imperial Age
RankedLock teamsTeams togetherTeam positionsShared explorationLock speedFull tech treeHidden civsTurbo modeCheats
Victory
Defeat
🇨🇭 Goths · Switzerland
865
+15
🇸🇪 Bulgarians · Sweden
865
+15
🇨🇿 Ethiopians · Czechia
824
+16
🇧🇷 Britons · Brazil
761
+19
🇦🇷 Mongols · Argentina
912
-20
🇦🇷 Wei · Argentina
850
-17
🇦🇷 Persians · Argentina
790
-14
🇦🇷 Japanese · Argentina
784
-14
Tomas18078
1:22 Loom
13:34 Feudal Age
15:16 Horse Collar
15:23 Double-Bit Axe
15:31 Town Watch
26:34 Castle Age
27:12 Crossbowman
28:39 Wheelbarrow
28:46 Fletching
28:58 Scale Mail Armor
29:49 Bodkin Arrow
39:03 Bow Saw
39:12 Heavy Plow
41:14 Squires
42:31 Stone Mining
44:14 Hand Cart
46:01 Padded Archer Armor
51:50 Thumb Ring
52:32 Leather Archer Armor
55:03 Ballistics
55:09 Caravan
61:26 Imperial Age
KRISTO
0:44 Loom
14:55 Feudal Age
15:45 Arson
17:47 Forging
21:45 Fletching
34:30 Castle Age
32:44 Double-Bit Axe
33:22 Horse Collar
35:43 Husbandry
41:26 Wheelbarrow
44:29 Gold Mining
46:31 Town Watch
50:09 Heavy Plow
50:23 Bow Saw
54:57 Iron Casting
54:18 Bodkin Arrow
58:27 Caravan
59:09 Stone Mining
JurassicMark
11:24 Feudal Age
12:42 Double-Bit Axe
17:13 Horse Collar
17:51 Gold Mining
17:53 Stone Mining
22:49 Castle Age
25:23 Heavy Plow
28:22 Bow Saw
28:02 Pikeman
28:46 Squires
28:51 Anarchy
29:37 Forging
29:27 Scale Mail Armor
31:35 Iron Casting
31:42 Stone Shaft Mining
33:39 Caravan
34:18 Wheelbarrow
41:06 Imperial Age
38:57 Chain Mail Armor
40:08 Hand Cart
41:51 Perfusion
42:13 Conscription
42:25 Conscription
43:08 Halberdier
44:55 Two-Man Saw
44:29 Crop Rotation
45:28 Blast Furnace
Dougladhnn
0:40 Loom
12:37 Feudal Age
13:15 Double-Bit Axe
13:13 Horse Collar
21:41 Castle Age
19:04 Man-at-Arms
22:44 Forging
23:26 Wheelbarrow
23:20 Bow Saw
23:42 Heavy Plow
23:42 Crossbowman
24:08 Pikeman
25:41 Squires
26:20 Scale Mail Armor
27:34 Squires
29:54 Wheelbarrow
29:42 Padded Archer Armor
32:21 Leather Archer Armor
32:33 Yeomen
33:20 Gold Mining
34:33 Ballistics
34:30 Fletching
37:50 Hand Cart
42:13 Imperial Age
43:26 Conscription
44:38 Gold Shaft Mining
44:43 Hoardings
43:32 Halberdier
44:00 Arson
47:46 Elite Longbowman
50:17 Chemistry
61:54 Ring Archer Armor
61:20 Bodkin Arrow
62:00 Iron Casting
61:41 Chain Mail Armor
ElAguuz
6:56 Loom
9:21 Feudal Age
10:11 Double-Bit Axe
18:47 Wheelbarrow
21:28 Castle Age
20:49 Bloodlines
20:57 Horse Collar
21:37 Gold Mining
24:46 Scale Barding Armor
28:23 Forging
28:33 Chain Barding Armor
29:31 Bow Saw
33:24 Iron Casting
37:35 Fletching
37:45 Padded Archer Armor
42:56 Ballistics
42:34 Bodkin Arrow
42:54 Leather Archer Armor
43:18 Husbandry
44:09 Heavy Plow
46:46 Imperial Age
47:06 Murder Holes
50:24 Thumb Ring
51:25 Siege Engineers
53:18 Bracer
63:06 Chemistry
Sergio A. Gamarra
5:25 Loom
11:13 Feudal Age
13:16 Double-Bit Axe
13:59 Man-at-Arms
16:13 Scale Barding Armor
16:59 Forging
17:53 Horse Collar
18:07 Arson
18:50 Stone Mining
20:29 Scale Mail Armor
22:09 Gold Mining
25:47 Castle Age
27:29 Bow Saw
27:21 Heavy Plow
27:59 Stone Shaft Mining
28:00 Gold Shaft Mining
39:04 Imperial Age
39:26 Chain Barding Armor
40:25 Iron Casting
42:23 Wheelbarrow
44:10 Plate Barding Armor
43:58 Hand Cart
44:27 Crop Rotation
44:37 Town Watch
44:42 Elite War Elephant
45:55 Town Patrol
47:00 Blast Furnace
48:30 Conscription
59:15 Kamandaran
60:15 Padded Archer Armor
60:05 Fletching
60:03 Crossbowman
62:10 Thumb Ring
golden229269
3:04 Loom
7:11 Loom
10:55 Feudal Age
11:29 Man-at-Arms
16:06 Arson
17:59 Fletching
18:03 Double-Bit Axe
21:00 Forging
24:22 Gold Mining
28:27 Castle Age
26:45 Horse Collar
29:12 Crossbowman
30:00 Thumb Ring
29:19 Long Swordsman
29:50 Gambesons
30:09 Squires
30:41 Bow Saw
31:14 Heavy Plow
33:11 Wheelbarrow
37:06 Imperial Age
35:03 Ballistics
35:36 Gold Shaft Mining
36:52 Town Watch
38:55 Chemistry
39:39 Arbalester
40:22 Stone Mining
40:51 Hand Cart
41:45 Two-Man Saw
42:49 Iron Casting
42:14 Bodkin Arrow
42:21 Padded Archer Armor
43:51 Conscription
44:17 Town Patrol
44:30 Bracer
45:37 Leather Archer Armor
49:36 Two-Handed Swordsman
51:05 Champion
54:22 Scale Mail Armor
EsteNoEsPaisa
4:17 Loom
14:30 Feudal Age
15:21 Double-Bit Axe
15:52 Horse Collar
25:11 Castle Age
24:20 Gold Mining
26:56 Wheelbarrow
27:12 Pikeman
27:52 Squires
29:14 Husbandry
29:24 Bloodlines
29:45 Scale Barding Armor
29:51 Forging
33:39 Heavy Plow
33:54 Bow Saw
38:41 Hand Cart
39:19 Padded Archer Armor
39:09 Fletching
40:08 Thumb Ring
40:09 Stone Mining
40:54 Gold Shaft Mining
41:02 Leather Archer Armor
40:44 Bodkin Arrow
44:01 Ballistics
46:13 Imperial Age
48:00 Heavy Hei Guang Cavalry
Connection lost

Rejoining the realm…

Still unreachable

The connection could not be restored.

Session expired

The server has moved on; the page needs a fresh start.